 Dungeon Crawl Stone Soup version 0.30-a0-989-g0d87f670db (webtiles) character file.

Game seed: 4717750886555616661

98 dracfodder the Shield-Bearer (level 5, -5/42 HPs)
             Began as a Formicid Fighter on Apr 4, 2023.
             Killed by divine providence
             ... invoked by an orc priest
              (9 damage)
             ... on level 4 of the Dungeon.
             The game lasted 00:05:55 (1406 turns).

dracfodder the Shield-Bearer (Formicid Fighter)     Turns: 1406, Time: 00:05:57

Health: -5/42      AC:  9    Str: 23    XL:     5   Next: 1%
Magic:  5/5        EV:  9    Int:  7    God:
Gold:   145        SH:  5    Dex: 13    Spells: 4/4 levels left

rFire   . . .      SeeInvis +    a - +1 war axe
rCold   . . .      Faith    .    c - +0 buckler
rNeg    . . .      Spirit   .    b - +0 scale mail
rPois   .          Reflect  .    (helmet unavailable)
rElec   .          Rampage  .    (no cloak)
rCorr   .                        i - +0 pair of gloves
Will    .....                    k - +0 pair of boots Stlth
                                 (no amulet)
HPRegen 0.27/turn                (no ring)
MPRegen 0.09/turn                (no ring)

@: no status effects
A: permanent stasis, dig shafts and tunnels, antennae 3, four strong arms
a: Dig, Shaft Self


You were on level 4 of the Dungeon.
You visited 1 branch of the dungeon, and saw 4 of its levels.

You collected 145 gold pieces.

Inventory:

Hand Weapons
 a - a +1 war axe (weapon)
Missiles
 f - 8 poisoned darts (quivered)
Armour
 b - a +0 scale mail (worn)
 c - a +0 buckler (worn)
 i - a +0 pair of gloves (worn)
 k - a +0 pair of boots (worn)
Jewellery
 j - a +5 ring of evasion
Potions
 d - a potion of might
 e - a potion of ambrosia {unknown}
 g - 3 potions of curing
 h - 2 potions of attraction {unknown}
 l - a potion of degeneration {unknown}
 m - a potion of flight {unknown}
 o - a potion of invisibility {unknown}
 p - 2 potions of mutation {unknown}
 q - a potion of brilliance {unknown}


   Skills:
 + Level 4.1 Fighting
 + Level 3.2 Axes
 + Level 0.4 Throwing
 + Level 3.9 Armour
 + Level 0.2 Dodging
 + Level 4.4 Shields


You had 4 spell levels left.
You didn't know any spells.
Your spell library contained the following spells:

 Spells                   Type           Power      Damage    Failure   Level
 Apportation              Tloc           0%         N/A       80%         1
 Freeze                   Ice            0%         1d3       80%         1
 Necrotise                Necr           0%         1d4       80%         1
 Summon Small Mammal      Summ           0%         N/A       80%         1
 Frozen Ramparts          Ice            0%         1d1       99%         3
 Hailstorm                Conj/Ice       0%         3d3       99%         3


Dungeon Overview and Level Annotations

Branches:
Dungeon (4/15)
 Temple: D:4-7

Altars:


Innate Abilities, Weirdness & Mutations

You cannot be hasted, slowed, berserked, paralysed or teleported.
You can dig through walls and to a lower floor.
You have a pair of large antennae on your head. (SInv)
Your four strong arms can wield two-handed weapons with a shield.


Message History

The orc priest shouts!
There is a stone staircase leading up here.
You barely miss the orc priest. You block the orc priest's attack.
You closely miss the orc priest.
The orc priest hits you but does no damage.
You slash the orc priest!
The orc priest is severely wounded.
You hit the orc.
You hit the orc wizard but do no damage.
The orc priest hits you but does no damage.
The orc hits you with a +0 short sword. The orc wizard barely misses you.
You barely miss the orc priest.
The orc priest is severely wounded.
You hit the orc.
You kill the orc!
You hit the orc wizard.
The orc priest looks satisfied for a moment.
The orc wizard misses you.
The orc priest invokes the aid of Beogh against you.
Beogh smites you!
The orc priest invokes the aid of Beogh against you.
Pain shoots through your body!
* * * LOW HITPOINT WARNING * * *
You block the orc wizard's attack.
You have reached level 5!
You hit the orc priest.
The orc priest is almost dead.
You barely miss the orc wizard.
The orc priest mumbles some strange prayers to Beogh against you.
Beogh smites you!
* * * LOW HITPOINT WARNING * * *
You block the orc wizard's attack.
You hit the orc priest but do no damage.
The orc priest is almost dead.
You barely miss the orc wizard.
The orc priest hits you with a +0 hand axe.
* * * LOW HITPOINT WARNING * * *
The orc priest invokes the aid of Beogh against you.
Beogh smites you!
You die...

.......
...... ##....
#.... #...
..# .#.
##o##.....
#<@)......
#...o......
........#.≈≈≈
#.........#
≈o.
....##.....#
≈ ....
#...#.. ..#
........ .#
.........≈


You could see 2 orc priests and an orc wizard.

Vanquished Creatures
  4 adders (D:2)
  A worm (D:3)
  3 dart slugs
  5 orcs
  2 ball pythons
  5 endoplasms
  2 giant cockroaches
  6 goblins
  2 hobgoblins (D:2)
  A kobold (D:1)
  3 quokkas
  5 bats
  A frilled lizard (D:2)
  5 rats
45 creatures vanquished.

Notes
Turn   | Place    | Note
-------+----------+-------------------------------------------
     0 | D:1      | dracfodder the Formicid Fighter began the quest for the
                  | Orb.
     0 | D:1      | Reached XP level 1. HP: 18/18 MP: 1/1
    97 | D:1      | Found a faded altar of an unknown god.
   130 | D:1      | Reached XP level 2. HP: 21/24 MP: 2/2
   484 | D:2      | Reached XP level 3. HP: 29/29 MP: 3/3
   711 | D:2      | Reached XP level 4. HP: 33/37 MP: 4/4
  1405 | D:4      | Reached XP level 5. HP: 13/42 MP: 5/5
  1406 | D:4      | Killed from afar by an orc priest

Illustrated notes

Levels and vault maps discovered:
D:1:      dpeg_arrival_stone_temple_mockup, layout_rooms,
          ebering_ecumenical_altar_hall, minmay_parallelograms
D:2:      layout_basic
D:3:      layout_rooms, hex_medium
D:4:      layout_cave_pools, mainiacjoe_overflow_cross_hatched,
          mainiacjoe_overflow_concentric_impassable,
          minmay_temple_entry_slanted, uniq_ijyb, uniq_blork_the_orc,
          uniq_eustachio, uniq_natasha

Skill      XL: |  1  2  3  4 |
---------------+-------------+-----
Fighting       | 4 |  4.1
Axes           | 3 |  3.2
Throwing       | |  0.4
Armour         | |  3.9
Dodging        | |  0.2
Shields        | |  4.4

Action                     |  1- 3 |  4- 6 || total
---------------------------+-------+-------++-------
  Melee: War axe           |    58 |    68 ||   126
  Throw: Dart              |    18 |       ||    18
    Use: Scroll            |     2 |     5 ||     7
 Armour: Scale mail        |    27 |    36 ||    63
  Dodge: Dodged            |    24 |    30 ||    54
  Block: Buckler           |    10 |    20 ||    30

Table legend: (Time is in decaauts)
 A = Elapsed time spent in this place.
 B = Non-inter-level travel time spent in this place.
 C = Inter-level travel time spent in this place.
 D = Time resting spent in this place.
 E = Time spent auto-exploring this place.
 F = Levels seen in this place.
 G = Mean time per level.
                   A        B        C        D        E       F      G
               +--------+--------+--------+--------+--------+-----+--------+
         Total |   1453 |   1404 |     49 |      0 |   1005 |   4 |  363.2 |
       Dungeon |   1453 |   1404 |     49 |      0 |   1005 |   4 |  363.2 |
               +--------+--------+--------+--------+--------+-----+--------+

Top non-repeatable levels by time:
     D:3: 506 daAuts
     D:1: 479 daAuts
     D:2: 459 daAuts
     D:4: 8 daAuts
